 Dungeon Crawl Stone Soup version 0.30-a0-1158-gd85ba11b5a (webtiles) character file.

Game seed: 4426082999153592453

29003 HoaS the Marksant (level 13, -4/101 HPs)
             Began as a Formicid Hunter on Apr 23, 2023.
             Was an Initiate of Gozag.
             Slain by a five-headed hydra (12 damage)
             ... on level 2 of the Lair of Beasts on Apr 25, 2023.
             The game lasted 00:32:08 (15250 turns).

HoaS the Marksant (Formicid Hunter)                Turns: 15250, Time: 00:32:10

Health: -4/101     AC:  8    Str: 18    XL:     13   Next: 77%
Magic:  13/13      EV: 18    Int:  8    God:    Gozag
Gold:   3384       SH: 15    Dex: 21    Spells: 12/12 levels left

rFire   . . .        l - +0 arbalest (heavy)
rCold   + . .        a - +0 kite shield
rNeg    . . .        n - +0 leather armour {rC+}
rPois   .            (helmet unavailable)
rElec   .            (no cloak)
rCorr   .            c - +0 pair of gloves
SInv    +            (no boots)
Will    +....        h - amulet of reflection
Stlth   ++           r - +4 ring of protection
HPRegen 0.36/turn    (no ring)
MPRegen 0.13/turn

%: reflection
@: gold aura
A: permanent stasis, dig shafts and tunnels, antennae 3, four strong arms
a: Dig, Shaft Self, Renounce Religion, Potion Petition, Call Merchant, Bribe
Branch


You were on level 2 of the Lair of Beasts.
You worshipped Gozag.
Gozag was most pleased with you.
You visited 4 branches of the dungeon, and saw 17 of its levels.

You collected 3718 gold pieces.
You spent 220 gold pieces at shops.
You paid 114 gold pieces to Gozag.

Inventory:

Hand Weapons
 l - a +0 heavy arbalest (weapon)
 q - a +0 longbow
Armour
 a - a +0 kite shield (worn)
 c - a +0 pair of gloves (worn)
 n - a +0 leather armour of cold resistance (worn)
Jewellery
 e - a +4 ring of protection
 g - a ring of ice
 h - an amulet of reflection (around neck)
 r - a +4 ring of protection (left hand)
Wands
 f - a wand of flame (27)
 j - a wand of roots (6)
Scrolls
 b - 3 scrolls of immolation
 k - 4 scrolls of identify
 s - a scroll of fog
Potions
 d - 2 potions of attraction
 i - 2 potions of cancellation
 m - 2 potions of curing
 o - 2 potions of mutation
 p - 3 potions of ambrosia
 t - a potion of invisibility


   Skills:
 - Level 9.2 Fighting
 * Level 17.6 Ranged Weapons
 - Level 10.7 Dodging
 - Level 1.2 Stealth
 + Level 3.7 Shields


You had 12 spell levels left.
You didn't know any spells.
Your spell library contained the following spells:

 Spells                   Type           Power      Damage    Failure   Level
 Lesser Beckoning         Tloc           0%         N/A       91%         2
 Gell's Gravitas          Tloc           0%         N/A       99%         3
 Ozocubu's Armour         Ice            0%         N/A       99%         3
 Teleport Other           Tloc           0%         N/A       99%         3
 Petrify                  Tmut/Erth      0%         N/A       100%        4
 Metabolic Englaciation   Hex/Ice        0%         N/A       100%        5
 Dispersal                Tloc           0%         N/A       100%        6
 Statue Form              Tmut/Erth      0%         N/A       100%        6
 Ozocubu's Refrigeration  Ice            0%         4d7       100%        7


Dungeon Overview and Level Annotations

Branches:
Dungeon (12/15)            Temple (1/1) D:4            Lair (2/5) D:9
 Shoals (0/4) Lair:2          Orc (2/2) D:9             Elf (0/3) Orc:2
  Snake: Lair:2-3    Spider: Lair:2-3

Altars:
Ashenzari
Cheibriados
Dithmenos
Elyvilon
Fedhas
Gozag
Hepliaklqana
Kikubaaqudgha
Makhleb
Nemelex Xobeh
Okawaru
Qazlal
Ru
Sif Muna
Trog
Uskayaw
Vehumet
Wu Jian
Xom
Yredelemnul
Zin
The Shining One
Jiyva

Shops:
D:3 ?:   D:9 *(   Orc:2 [(:(

Annotations:
D:6 2 transporters
D:8 3 runed translucent doors, t4s4d4r's ghost, novice DgFi
Orc:1 2 transporters, Enlostror's ghost, adept MeBe


Innate Abilities, Weirdness & Mutations

You cannot be hasted, slowed, berserked, paralysed or teleported.
You can dig through walls and to a lower floor.
You have a pair of large antennae on your head. (SInv)
Your four strong arms can wield two-handed weapons with a shield.


Message History

The five-headed hydra bites you!
You block the five-headed hydra's attack. x2
The five-headed hydra bites you.
The five-headed hydra closely misses you.
You shoot a bolt. The bolt hits the five-headed hydra!
The five-headed hydra is almost dead.
You block the five-headed hydra's attack.
The five-headed hydra bites you.
You block the five-headed hydra's attack.
The five-headed hydra bites you!
You block the five-headed hydra's attack. x2
The five-headed hydra bites you!
You block the five-headed hydra's attack.
The five-headed hydra bites you! x2
You shoot a bolt.
The bolt barely misses the five-headed hydra.
The bolt hits the cane toad!!
The cane toad is almost dead.
You block the five-headed hydra's attack. x2
The five-headed hydra barely misses you.
The five-headed hydra misses you.
The five-headed hydra barely misses you.
You block the five-headed hydra's attack.
The five-headed hydra bites you! x2
* * * LOW HITPOINT WARNING * * *
The five-headed hydra barely misses you.
The five-headed hydra bites you but does no damage.
You shoot a bolt. The bolt hits the five-headed hydra.
The five-headed hydra is almost dead.
The five-headed hydra bites you.
* * * LOW HITPOINT WARNING * * *
You block the five-headed hydra's attack. x2
The five-headed hydra bites you!
* * * LOW HITPOINT WARNING * * *
You block the five-headed hydra's attack.
The five-headed hydra bites you.
* * * LOW HITPOINT WARNING * * *
The five-headed hydra bites you!
You die...
Your body crumbles into a pile of gold.

##.......###.####
####......##.....#
....##....##♣...♣#
#...#....###.♣.♣.#
$$
##..<....<##♣...♣#
#..#.....##.....#
##........##♣.♣##
##.........#.....#
.........#.#.♣♣♣@#
.#......#..#. ♣D#
###.....##.# ♣F#
#....>.#..# ♣.#
##.#...#..# ♣.# {
#......#..# F..♣ {
#.........# ...
#####..#P.# ..♣
#.#...#..#


You could see a five-headed hydra and a cane toad.

Vanquished Creatures
  A boulder beetle (Orc:1)
  4 ogre magi (Orc:2)
  15 two-headed ogres
  A skyshark (Lair:2)
  2 orc knights
  Joseph (D:7)
  5 cane toads (Lair:1)
  An unseen horror zombie (D:8)
  A komodo dragon (Lair:1)
  2 trolls
  A hornet (D:8)
  Prince Ribbit (D:9)
  A snapping turtle (Lair:2)
  9 yaks (Lair:1)
  3 wyverns
  A steam dragon (D:9)
  6 wargs
  7 water moccasins
  8 orc warriors
  3 sky beasts
  An ice beast (D:6)
  A black bear (D:4)
  2 hornet zombies (D:8)
  34 ogres
  15 wolves
  2 centaurs (D:8)
  2 phantoms
  A kobold brigand (D:6)
  A gnoll sergeant (D:7)
  6 bullfrogs
  6 scorpions
  21 wights
  6 killer bees (D:9)
  A howler monkey (D:6)
  3 centaur zombies (D:8)
  A gnoll bouda (Orc:2)
  3 jellies
  10 orc priests
  4 hounds
  A sleepcap (D:7)
  4 iguanas
  13 orc wizards
  A killer bee zombie (D:8)
  12 gnolls
  6 adders
  3 white imps
  An ufetubus (D:6)
  2 worms
  A dart slug (D:2)
  42 orcs
  5 ball pythons
  3 bats
  6 endoplasms
  2 giant cockroaches (D:3)
  3 hobgoblins
  9 jackals
  A quokka (D:3)
  2 frilled lizards
  9 goblins
  15 kobolds
  5 rats
339 creatures vanquished.

Vanquished Creatures (others)
  5 fungi
  19 plants
  A withered plant (D:8)
25 creatures vanquished.

Grand Total: 364 creatures vanquished

Notes
Turn   | Place    | Note
-------+----------+-------------------------------------------
     0 | D:1      | HoaS the Formicid Hunter began the quest for the Orb.
     0 | D:1      | Reached XP level 1. HP: 16/16 MP: 1/1
   196 | D:1      | Reached XP level 2. HP: 22/22 MP: 2/2
   295 | D:1      | Reached skill level 1 in Shields
   524 | D:1      | Reached XP level 3. HP: 27/27 MP: 3/3
   795 | D:2      | Reached skill level 5 in Ranged Weapons
   795 | D:2      | Reached XP level 4. HP: 27/33 MP: 4/4
  1608 | D:3      | Found an iron altar of Okawaru.
  1680 | D:3      | Found Typofup's Magic Scroll Boutique.
  1708 | D:3      | Found a faded altar of an unknown god.
  1719 | D:3      | Found Ynoecija's Book Shoppe.
  1746 | D:3      | Reached XP level 5. HP: 35/38 MP: 5/5
  1856 | D:3      | Reached skill level 6 in Ranged Weapons
  1858 | D:3      | Reached XP level 6. HP: 44/44 MP: 6/6
  2572 | D:4      | Noticed a black bear
  2580 | D:4      | Killed a black bear
  2581 | D:4      | Reached skill level 7 in Ranged Weapons
  2645 | D:4      | Reached XP level 7. HP: 50/50 MP: 7/7
  3019 | D:4      | Found a staircase to the Ecumenical Temple.
  3027 | Temple   | Entered the Ecumenical Temple
  3341 | D:4      | Reached skill level 8 in Ranged Weapons
  3524 | D:5      | Entered Level 5 of the Dungeon
  3585 | D:5      | Noticed a water moccasin
  3604 | D:5      | Killed a water moccasin
  3605 | D:5      | Reached XP level 8. HP: 38/56 MP: 8/8
  3759 | D:5      | Reached skill level 9 in Ranged Weapons
  3771 | D:5      | Noticed a wyvern
  3780 | D:5      | Killed a wyvern
  3967 | D:5      | Found an ornate altar of the Wu Jian Council.
  4090 | D:5      | Found a radiant altar of Vehumet.
  4117 | D:5      | Found a sparkling altar of Nemelex Xobeh.
  4367 | D:6      | Reached skill level 10 in Ranged Weapons
  4464 | D:6      | Found a transporter.
  4482 | D:6      | Found a transporter.
  4649 | D:6      | Found a stormy altar of Qazlal.
  4677 | D:6      | Found an opulent altar of Gozag.
  4682 | D:6      | Became a worshipper of Gozag Ym Sagoz the Greedy
  4970 | D:6      | Reached XP level 9. HP: 47/61 MP: 9/9
  5030 | D:6      | Reached skill level 11 in Ranged Weapons
  5510 | D:6      | Found a broken altar of Ashenzari.
  5528 | D:6      | Reached skill level 12 in Ranged Weapons
  6406 | D:7      | Noticed Joseph
  6419 | D:7      | Killed Joseph
  6420 | D:7      | Reached skill level 13 in Ranged Weapons
  6527 | D:7      | Reached XP level 10. HP: 64/67 MP: 10/10
  6621 | D:7      | Identified the +1 robe "Woulag" {Rampage +Blink +Inv}
  6842 | D:7      | Found a glowing golden altar of the Shining One.
  6846 | D:7      | Found a hazy altar of Hepliaklqana.
  6846 | D:7      | Found a burning altar of Makhleb.
  7194 | D:7      | Reached skill level 14 in Ranged Weapons
  7663 | D:8      | Found a blossoming altar of Fedhas.
  7968 | D:8      | Reached skill level 15 in Ranged Weapons
  7987 | D:8      | Found a runed translucent gate.
  7987 | D:8      | Found a runed translucent gate.
  7987 | D:8      | Noticed t4s4d4r's ghost (novice DgFi)
  7988 | D:8      | Found a runed translucent gate.
  8320 | D:8      | Found a viscous altar of Jiyva.
  8349 | D:9      | Noticed a two-headed ogre
  8357 | D:9      | Killed a two-headed ogre
  8377 | D:9      | Reached XP level 11. HP: 45/72 MP: 11/11
  8537 | D:9      | Found Pimm's General Store.
  8554 | D:9      | Upgraded the game from 0.30-a0-1124-g6e8f0f562f to
                  | 0.30-a0-1158-gd85ba11b5a
  8738 | D:9      | Noticed Prince Ribbit
  8779 | D:9      | Killed Prince Ribbit
  8844 | D:9      | Found a staircase to the Lair.
  8858 | D:9      | Reached skill level 16 in Ranged Weapons
  8982 | D:9      | Found a staircase to the Orcish Mines.
  8993 | D:9      | You fall into a shaft and drop 3 floors!
  9086 | D:10     | Entered Level 10 of the Dungeon
  9268 | D:9      | Found a transporter.
  9268 | D:9      | Found Umoty's Antique Weapon Boutique.
  9676 | D:9      | Found a transporter.
 10182 | D:9      | Bought a longbow for 162 gold pieces
 10225 | Lair:1   | Entered Level 1 of the Lair of Beasts
 10531 | Lair:1   | Found an ancient bone altar of Kikubaaqudgha.
 10805 | Lair:1   | Reached skill level 5 in Dodging
 10848 | Lair:1   | Reached skill level 5 in Fighting
 10951 | Lair:1   | Identified the +12 long sword of the Blowfly {protect,
                  | Drain rC+ rCorr Str+7}
 11432 | Lair:2   | Noticed a skyshark
 11513 | Lair:1   | Reached XP level 12. HP: 87/87 MP: 12/12
 11847 | Orc:1    | Entered Level 1 of the Orcish Mines
 11905 | Orc:1    | Noticed an ettin
 11907 | Orc:1    | Noticed Enlostror's ghost (adept MeBe)
 11957 | Orc:1    | Noticed a two-headed ogre
 12181 | Orc:1    | Found a bloodstained altar of Trog.
 12182 | Orc:1    | Found a transporter.
 12186 | Orc:1    | Noticed a boulder beetle
 12224 | Orc:1    | Found a transporter.
 12261 | Orc:1    | Killed a boulder beetle
 12736 | Orc:2    | Entered Level 2 of the Orcish Mines
 12971 | Orc:2    | Found a staircase to the Elven Halls.
 13039 | Orc:2    | Noticed a two-headed ogre
 13084 | Orc:2    | Noticed a two-headed ogre
 13101 | Orc:2    | Killed a two-headed ogre
 13128 | Orc:2    | Killed a two-headed ogre
 13184 | Orc:2    | Noticed an ogre mage
 13198 | Orc:2    | Killed an ogre mage
 13205 | Orc:2    | Noticed a two-headed ogre
 13207 | Orc:2    | Noticed a two-headed ogre
 13208 | Orc:2    | Noticed a two-headed ogre
 13232 | Orc:2    | Killed a two-headed ogre
 13271 | Orc:2    | Noticed a two-headed ogre
 13288 | Orc:1    | Killed a two-headed ogre
 13334 | Orc:2    | Noticed a two-headed ogre
 13348 | Orc:2    | Killed a two-headed ogre
 13373 | Orc:2    | Noticed an ogre mage
 13394 | Orc:2    | Killed an ogre mage
 13395 | Orc:2    | Reached skill level 10 in Dodging
 13395 | Orc:2    | Reached XP level 13. HP: 91/99 MP: 13/13
 13792 | Orc:2    | Noticed an ogre mage
 13811 | Orc:2    | Killed an ogre mage
 13875 | Orc:2    | Reached skill level 17 in Ranged Weapons
 14105 | Orc:2    | Noticed an ogre mage
 14111 | Orc:2    | Killed an ogre mage
 14268 | Orc:2    | Found Xystul's Book Shoppe.
 14268 | Orc:2    | Found Onkosyfi's Armour Shop.
 14268 | Orc:2    | Found Igidgh's Antique Weapon Boutique.
 14268 | Orc:2    | Found Seaskona's Weapon Shoppe.
 14278 | Orc:2    | Bought a +0 kite shield for 58 gold pieces
 15108 | Lair:2   | Found a staircase to the Shoals.
 15244 | Lair:2   | Noticed a five-headed hydra
 15250 | Lair:2   | Slain by a five-headed hydra

Illustrated notes

Levels and vault maps discovered:
D:1:      lightli_arrival_lavapool, layout_loops_ring
D:2:      layout_basic
D:3:      layout_loops_ring, mainiacjoe_overflow_alcove_4,
          chequers_ecumenical_altar_island, serial_shops,
          nicolae_shop_advertising_works [nicolae_subvault_shop_adworks], shop,
          kennysheep_another_room, roderic_lattice_a,
          minmay_fractal_squares_gapless_5
D:4:      layout_rooms, temple_green
D:5:      layout_rooms, nemelex_altar_shiori, amcnicky_altar_gilded,
          general_overflow_altar
D:6:      gammafunk_steamed_eel, layout_basic,
          nicolae_gozag_cash_rules_everything_around_me,
          nicolae_overflow_crystal_walls, lemuel_doored_altar, minivault_5
D:7:      layout_basic, grunt_temple_overflow_open, uniq_joseph
D:8:      layout_rooms, fedhas_bush_and_centaur_altar, serial_undead,
          serial_undead_e, serial_undead_f, serial_undead_b, serial_undead_c,
          gammafunk_ghost_ooze
D:9:      nicolae_cairo_tiling_large_dashed, layout_grid_maze,
          erik_lair_orcish_takeover, serial_shops, shop, nicolae_shop_drivethru,
          uniq_prince_ribbit1
D:10:     layout_basic, trog_book
D:11:     layout_irregular_city
D:12:     layout_basic
Temple:   jpeg_temple_alley_garden
Lair:1:   layout_regular_city, basic_altar
Lair:2:   nzn_winding_woodlands_large [nzn_winding_woodlands_5x5_closed_star,
          nzn_winding_woodlands_5x15_river_crossing,
          nzn_winding_woodlands_5x5_checkerboard,
          nzn_winding_woodlands_center_diamonds,
          nzn_winding_woodlands_15x15_boxy_spiral,
          nzn_winding_woodlands_center_garden, nzn_winding_woodlands_5x5_cross,
          nzn_winding_woodlands_5x15_concentric,
          nzn_winding_woodlands_hourglass], layout_misc_corridors,
          minmay_shoals_entry_hut
Orc:1:    layout_caves, gammafunk_ghost_wrathful_warriors, rock_pile
Orc:2:    st_orc_ogre_mass, layout_diamond_mine

Skill      XL: |  1  2  3  4  5  6  7  8  9 10 11 12 13 |
---------------+----------------------------------------+-----
Shields        | 1 2 3 |  3.7
Ranged Weapons | 5 6 7 8 10 13 15 16 17 | 17.6
Dodging        | 6 10 | 10.7
Fighting       | 5 8 9 |  9.2
Stealth        | |  1.2

Action                     |  1- 3 |  4- 6 |  7- 9 | 10-12 | 13-15 || total
---------------------------+-------+-------+-------+-------+-------++-------
  Melee: Unarmed           |       |       |     1 |       |       ||     1
   Fire: Shortbow          |    88 |   107 |   291 |   903 |    66 ||  1455
         Arbalest          |       |       |       |       |    95 ||    95
  Throw: Throwing net      |       |     1 |       |       |       ||     1
Ability: Dig               |       |     2 |       |       |       ||     2
  Evoke: Wand              |       |       |       |     1 |       ||     1
    Use: Scroll            |     6 |     7 |     5 |     5 |       ||    23
         Potion            |       |       |     4 |       |     3 ||     7
 Armour: Leather armour    |     9 |     4 |    13 |    56 |     6 ||    88
         Skin              |       |       |     2 |       |       ||     2
  Dodge: Dodged            |    32 |    23 |    51 |   176 |    67 ||   349
  Block: Buckler           |     8 |     7 |    47 |   198 |    35 ||   295
         Reflection        |       |       |     3 |    14 |     3 ||    20
         Kite shield       |       |       |       |       |    32 ||    32

Table legend: (Time is in decaauts)
 A = Elapsed time spent in this place.
 B = Non-inter-level travel time spent in this place.
 C = Inter-level travel time spent in this place.
 D = Time resting spent in this place.
 E = Time spent auto-exploring this place.
 F = Levels seen in this place.
 G = Mean time per level.
                   A        B        C        D        E       F      G
               +--------+--------+--------+--------+--------+-----+--------+
         Total |  15210 |  14530 |    680 |   3633 |   8052 |  17 |  894.7 |
       Dungeon |  10063 |   9600 |    463 |   2336 |   5585 |  12 |  838.6 |
        Temple |    245 |    220 |     25 |      0 |    175 |   1 |  245.0 |
          Lair |   2142 |   2039 |    103 |    507 |   1174 |   2 | 1071.0 |
  Orcish Mines |   2758 |   2670 |     88 |    789 |   1118 |   2 | 1379.0 |
               +--------+--------+--------+--------+--------+-----+--------+

Top non-repeatable levels by time:
     D:6: 1952 daAuts
     D:9: 1724 daAuts
  Lair:1: 1677 daAuts
   Orc:2: 1468 daAuts
   Orc:1: 1289 daAuts
     D:7: 1107 daAuts
     D:3: 1100 daAuts
     D:8: 950 daAuts
     D:2: 893 daAuts
     D:5: 790 daAuts
     D:1: 698 daAuts
     D:4: 696 daAuts
  Lair:2: 465 daAuts
  Temple: 245 daAuts
    D:11: 72 daAuts
